 Dungeon Crawl Stone Soup version 0.29.0-4-gdea44cf6ec (webtiles) character file.

Game seed: 5846981366725285017

83 qw the Caller (level 4, -5/36 HPs)
             Began as a Ghoul Summoner on Sept 9, 2022.
             Blown up by Ijyb (17 damage)
             ... with a mindburst bolt
             ... on level 3 of the Dungeon.
             The game lasted 00:01:19 (2838 turns).

qw the Caller (Ghoul Summoner)                      Turns: 2838, Time: 00:01:20

Health: -5/36      AC: 11    Str: 13    XL:     4   Next: 44%
Magic:  5/5        EV:  3    Int: 13    God:
Gold:   125        SH:  6    Dex:  9    Spells: 5/6 levels left

rFire   . . .      SeeInvis +   Y - +0 war axe
rCold   + + +      Faith    .   j - +0 kite shield
rNeg    + + +      Spirit   .   k - +0 chain mail
rPois   inf        Reflect  .   a - +2 hat of the Raven {rC+++ Int+3 Slay-3 SInv}
rElec   .          Harm     .   d - +0 cloak
rCorr   .          Rampage  .   (no gloves)
Will    .....                   (no boots)
Stlth   ..........              (no amulet)
HPRegen 0.00/turn               (no ring)
MPRegen 0.09/turn               (no ring)

@: inhibited regen
A: claws 1, cold resistance 1, negative energy resistance 3, inhibited
regeneration, torment resistance 2, devour on kill
a: no special abilities


You were on level 3 of the Dungeon.
You visited 1 branch of the dungeon, and saw 3 of its levels.

You collected 125 gold pieces.


Innate Abilities, Weirdness & Mutations

You are immune to poison.
You have sharp fingernails.
Your flesh is cold resistant. (rC+)
You are immune to negative energy. (rN+++)
You do not regenerate when monsters are visible.
You are immune to unholy pain and torment.
You thrive by killing the living.


   Skills:
 - Level 2.0 Fighting
 - Level 2.9 Axes
 - Level 1.7 Dodging
 - Level 2.1 Stealth
 + Level 0.2 Shields
 - Level 1.7 Spellcasting
 - Level 3.6 Summonings


You had 5 spell levels left.
You knew the following spells:

 Your Spells              Type           Power      Damage    Failure   Level
a - Summon Small Mammal   Summ           40%        N/A       100%        1

Your spell library contained the following spells:

 Spells                   Type           Power      Damage    Failure   Level
 Call Imp                 Summ           10%        N/A       100%        2
 Call Canine Familiar     Summ           10%        N/A       100%        3
 Summon Guardian Golem    Hex/Summ       5%         N/A       100%        3
 Summon Lightning Spire   Summ/Air       5%         N/A       100%        4

Inventory:

Hand Weapons
 g - a +0 whip
 Y - a +0 war axe (weapon)
Armour
 a - the +2 hat of the Raven (worn) {rC+++ Int+3 Slay-3 SInv}
   (You found it on level 2 of the Dungeon)

   Int:       It affects your intelligence (+3).
   Slay:      It affects your accuracy & damage with ranged weapons and melee
   (-3).
   rC:        It renders you almost immune to cold.
   SInv:      It lets you see invisible.
 d - a +0 cloak (worn)
 j - a +0 kite shield (worn)
 k - a +0 chain mail (worn)
Jewellery
 b - a ring of ice
Scrolls
 c - a scroll of identify
 h - a scroll of teleportation
 i - a scroll of blinking {unknown}
Potions
 e - a potion of curing {unknown}
 f - a potion of flight {unknown}

Dungeon Overview and Level Annotations

Branches:
Dungeon (3/15)

Altars:

Annotations:
D:3 Ijyb


Message History

Found a stone staircase leading down.
i - a scroll labelled KECUAKHLEKHLI Ijyb the Twisted Goblin comes into view.
She is wielding a +0 dagger and carrying a wand of mindburst (12).
Found a scroll of identify.
Ijyb shouts!
2824 ||| Stepping ~*~*~tactically~*~*~ (hiding).
You start waiting.
Ijyb is nearby!
Ijyb hits you but does no damage.
You hit Ijyb.
Ijyb is lightly wounded.
Ijyb hits you but does no damage. Ijyb barely misses you.
You hit Ijyb.
Ijyb is moderately wounded.
Ijyb hits you but does no damage.
You hit Ijyb but do no damage.
Ijyb is moderately wounded.
Ijyb zaps a wand.
You barely resist. Ijyb hits you with a +0 dagger.
You barely miss Ijyb.
Ijyb is moderately wounded.
Ijyb hits you with a +0 dagger.
You hit Ijyb but do no damage.
Ijyb is moderately wounded.
Ijyb hits you but does no damage. Ijyb completely misses you.
You barely miss Ijyb.
Ijyb is moderately wounded.
Ijyb zaps a wand.
Your mind is blasted!
You hit Ijyb but do no damage.
Ijyb is lightly wounded.
Ijyb barely misses you. Ijyb hits you with a +0 dagger.
You hit Ijyb but do no damage.
Ijyb is lightly wounded.
Ijyb zaps a wand.
Your mind is blasted!
You hit Ijyb.
Ijyb is moderately wounded.
You block Ijyb's attack. x2
You hit Ijyb but do no damage.
Ijyb is moderately wounded.
Ijyb barely misses you.
Ijyb zaps a wand.
Your mind is blasted!
You die...

#######..#
#.g....?.#
#.@## ##...##
###.....###
#....8....###
#.............#
#.>...###...<.#
#...## ###...#
#### #####


You could see Ijyb.

Vanquished Creatures
  An adder (D:2)
  4 dart slugs
  A worm (D:2)
  2 ball pythons (D:1)
  2 bats (D:2)
  4 endoplasms
  A giant cockroach (D:3)
  10 goblins
  6 hobgoblins
  2 jackals (D:2)
  3 quokkas
  2 frilled lizards
  4 kobolds (D:1)
  2 rats
44 creatures vanquished.

Vanquished Creatures (collateral kills)
  An endoplasm (D:1)
  A giant cockroach (D:1)
  2 goblins (D:1)
  A hobgoblin (D:1)
  A ball python (D:1)
  2 bats (D:1)
  3 frilled lizards (D:1)
  2 kobolds (D:1)
  A rat (D:1)
14 creatures vanquished.

Grand Total: 58 creatures vanquished

Notes
Turn   | Place    | Note
-------+----------+-------------------------------------------
     0 | D:1      | qw the Ghoul Summoner began the quest for the Orb.
     0 | D:1      | Reached XP level 1. HP: 14/14 MP: 2/2
     0 | D:1      | 0 ||| qw: Version: 0.1-a-113-g051387a
     0 | D:1      | 0 ||| qw: Game counter: 6898
     0 | D:1      | 0 ||| qw: Always use a shield: true
     0 | D:1      | 0 ||| qw: God list: Okawaru
     0 | D:1      | 0 ||| qw: Allow faded altars: false
     0 | D:1      | 0 ||| qw: Do Orc after D:15 true
     0 | D:1      | 0 ||| qw: Do second Lair branch before Depths: true
     0 | D:1      | 0 ||| qw: Lair rune preference: random
     0 | D:1      | 0 ||| qw: Plans: Normal
     0 | D:1      | 0 ||| PLANNING D:1-11
    55 | D:1      | 55 ||| CASTING Summon Small Mammal
    56 | D:1      | 56 ||| CASTING Summon Small Mammal
    85 | D:1      | 85 ||| CASTING Summon Small Mammal
    86 | D:1      | 86 ||| CASTING Summon Small Mammal
   116 | D:1      | 116 ||| Wielding weapon +0 club.
   128 | D:1      | 128 ||| CASTING Summon Small Mammal
   129 | D:1      | 129 ||| CASTING Summon Small Mammal
   154 | D:1      | 154 ||| CASTING Summon Small Mammal
   155 | D:1      | 155 ||| CASTING Summon Small Mammal
   162 | D:1      | Reached skill level 1 in Axes
   166 | D:1      | 166 ||| CASTING Summon Small Mammal
   173 | D:1      | Reached XP level 2. HP: 22/22 MP: 0/3
   178 | D:1      | 178 ||| CASTING Summon Small Mammal
   187 | D:1      | Reached skill level 1 in Fighting
   228 | D:1      | 228 ||| Stepping ~*~*~tactically~*~*~ (stealth).
   229 | D:1      | 229 ||| Stepping ~*~*~tactically~*~*~ (stealth).
   230 | D:1      | 230 ||| Stepping ~*~*~tactically~*~*~ (stealth).
   233 | D:1      | 233 ||| Stepping ~*~*~tactically~*~*~ (stealth).
   234 | D:1      | 234 ||| Stepping ~*~*~tactically~*~*~ (stealth).
   235 | D:1      | 235 ||| Stepping ~*~*~tactically~*~*~ (stealth).
   241 | D:1      | 241 ||| Stepping ~*~*~tactically~*~*~ (stealth).
   242 | D:1      | 242 ||| CASTING Summon Small Mammal
   243 | D:1      | 243 ||| CASTING Summon Small Mammal
   244 | D:1      | 244 ||| CASTING Summon Small Mammal
   317 | D:1      | 317 ||| CASTING Summon Small Mammal
   318 | D:1      | 318 ||| CASTING Summon Small Mammal
   319 | D:1      | 319 ||| CASTING Summon Small Mammal
   371 | D:1      | 371 ||| CASTING Summon Small Mammal
   372 | D:1      | 372 ||| CASTING Summon Small Mammal
   373 | D:1      | 373 ||| CASTING Summon Small Mammal
   383 | D:1      | 383 ||| CASTING Summon Small Mammal
   390 | D:1      | HP: 3/23 [hobgoblin/+0 short sword (4)]
   398 | D:1      | 398 ||| Stepping ~*~*~tactically~*~*~ (stealth).
   427 | D:1      | 427 ||| CASTING Summon Small Mammal
   428 | D:1      | 428 ||| CASTING Summon Small Mammal
   429 | D:1      | 429 ||| CASTING Summon Small Mammal
   440 | D:1      | 440 ||| CASTING Summon Small Mammal
   521 | D:1      | 521 ||| CASTING Summon Small Mammal
   522 | D:1      | 522 ||| CASTING Summon Small Mammal
   523 | D:1      | 523 ||| CASTING Summon Small Mammal
   543 | D:1      | 543 ||| CASTING Summon Small Mammal
   546 | D:1      | 546 ||| CASTING Summon Small Mammal
   585 | D:1      | 585 ||| CASTING Summon Small Mammal
   586 | D:1      | 586 ||| CASTING Summon Small Mammal
   587 | D:1      | 587 ||| CASTING Summon Small Mammal
   596 | D:1      | 596 ||| CASTING Summon Small Mammal
   597 | D:1      | HP: 5/23 [constriction (1)]
   845 | D:1      | 845 ||| SWAPPING to +0 whip.
   846 | D:1      | 846 ||| DROPPING +0 club.
   873 | D:1      | 873 ||| CASTING Summon Small Mammal
   874 | D:1      | 874 ||| CASTING Summon Small Mammal
   875 | D:1      | 875 ||| CASTING Summon Small Mammal
   885 | D:1      | 885 ||| CASTING Summon Small Mammal
   950 | D:1      | 950 ||| CASTING Summon Small Mammal
   951 | D:1      | 951 ||| CASTING Summon Small Mammal
   952 | D:1      | 952 ||| CASTING Summon Small Mammal
   964 | D:1      | 964 ||| CASTING Summon Small Mammal
  1004 | D:1      | 1004 ||| CASTING Summon Small Mammal
  1005 | D:1      | 1005 ||| CASTING Summon Small Mammal
  1006 | D:1      | 1006 ||| CASTING Summon Small Mammal
  1007 | D:1      | 1007 ||| Stepping ~*~*~tactically~*~*~ (stealth).
  1014 | D:1      | Reached XP level 3. HP: 28/28 MP: 0/4
  1113 | D:1      | 1113 ||| CASTING Summon Small Mammal
  1114 | D:1      | 1114 ||| CASTING Summon Small Mammal
  1115 | D:1      | 1115 ||| CASTING Summon Small Mammal
  1116 | D:1      | 1116 ||| CASTING Summon Small Mammal
  1124 | D:1      | 1124 ||| CASTING Summon Small Mammal
  1175 | D:1      | 1175 ||| CASTING Summon Small Mammal
  1176 | D:1      | 1176 ||| CASTING Summon Small Mammal
  1177 | D:1      | 1177 ||| CASTING Summon Small Mammal
  1178 | D:1      | 1178 ||| CASTING Summon Small Mammal
  1221 | D:1      | 1221 ||| CASTING Summon Small Mammal
  1222 | D:1      | 1222 ||| CASTING Summon Small Mammal
  1223 | D:1      | 1223 ||| CASTING Summon Small Mammal
  1224 | D:1      | 1224 ||| CASTING Summon Small Mammal
  1232 | D:1      | 1232 ||| CASTING Summon Small Mammal
  1290 | D:1      | 1290 ||| SWAPPING to +0 war axe.
  1376 | D:1      | 1376 ||| CASTING Summon Small Mammal
  1377 | D:1      | 1377 ||| CASTING Summon Small Mammal
  1378 | D:1      | 1378 ||| CASTING Summon Small Mammal
  1379 | D:1      | 1379 ||| CASTING Summon Small Mammal
  1414 | D:1      | 1414 ||| Stepping ~*~*~tactically~*~*~ (stealth).
  1417 | D:1      | 1417 ||| CASTING Summon Small Mammal
  1418 | D:1      | 1418 ||| CASTING Summon Small Mammal
  1419 | D:1      | 1419 ||| CASTING Summon Small Mammal
  1424 | D:1      | 1424 ||| CASTING Summon Small Mammal
  1474 | D:1      | 1474 ||| CASTING Summon Small Mammal
  1475 | D:1      | 1475 ||| CASTING Summon Small Mammal
  1476 | D:1      | 1476 ||| CASTING Summon Small Mammal
  1477 | D:1      | 1477 ||| CASTING Summon Small Mammal
  1485 | D:1      | 1485 ||| CASTING Summon Small Mammal
  1538 | D:1      | 1538 ||| UPGRADING to +0 cloak.
  1543 | D:1      | 1543 ||| UPGRADING to +0 leather armour.
  1553 | D:1      | 1553 ||| DROPPING +0 robe.
  1554 | D:1      | 1554 ||| UPGRADING to +0 scale mail.
  1564 | D:1      | 1564 ||| DROPPING +0 leather armour.
  1565 | D:1      | 1565 ||| READING scroll labelled DOBLEA ICLIACOTAP.
  1566 | D:1      | 1566 ||| DRINKING 2 brown potions.
  1567 | D:1      | 1567 ||| DROPPING potion of magic.
  1568 | D:1      | 1568 ||| DROPPING potion of lignification.
  1574 | D:2      | 1574 ||| Stepping ~*~*~tactically~*~*~ (hiding).
  1713 | D:2      | Identified the +2 hat of the Raven {rC+++ Int+3 Slay-3
                  | SInv}
  1861 | D:2      | 1861 ||| Stepping ~*~*~tactically~*~*~ (stealth).
  1862 | D:2      | 1862 ||| Stepping ~*~*~tactically~*~*~ (stealth).
  1863 | D:2      | 1863 ||| Stepping ~*~*~tactically~*~*~ (stealth).
  1881 | D:2      | Reached XP level 4. HP: 33/36 MP: 5/5
  1960 | D:2      | 1960 ||| Stepping ~*~*~tactically~*~*~ (stealth).
  1963 | D:2      | 1963 ||| Stepping ~*~*~tactically~*~*~ (stealth).
  2139 | D:2      | Found a faded altar of an unknown god.
  2148 | D:2      | 2148 ||| Stepping ~*~*~tactically~*~*~ (hiding).
  2268 | D:2      | 2268 ||| Stepping ~*~*~tactically~*~*~ (stealth).
  2269 | D:2      | 2269 ||| Stepping ~*~*~tactically~*~*~ (stealth).
  2330 | D:2      | 2330 ||| Stepping ~*~*~tactically~*~*~ (hiding).
  2340 | D:2      | 2340 ||| FLEEEEING.
  2341 | D:2      | 2341 ||| FLEEEEING.
  2342 | D:2      | 2342 ||| FLEEEEING.
  2343 | D:2      | 2343 ||| FLEEEEING.
  2344 | D:2      | 2344 ||| FLEEEEING.
  2345 | D:2      | 2345 ||| FLEEEEING.
  2346 | D:2      | 2346 ||| FLEEEEING.
  2347 | D:2      | 2347 ||| FLEEEEING.
  2348 | D:2      | 2348 ||| FLEEEEING.
  2349 | D:2      | 2349 ||| FLEEEEING.
  2350 | D:2      | 2350 ||| FLEEEEING.
  2351 | D:2      | 2351 ||| FLEEEEING.
  2353 | D:2      | 2353 ||| FLEEEEING.
  2354 | D:2      | 2354 ||| FLEEEEING.
  2355 | D:2      | 2355 ||| FLEEEEING.
  2356 | D:2      | 2356 ||| FLEEEEING.
  2357 | D:2      | 2357 ||| FLEEEEING.
  2358 | D:2      | 2358 ||| FLEEEEING.
  2359 | D:2      | 2359 ||| FLEEEEING.
  2360 | D:2      | 2360 ||| FLEEEEING.
  2362 | D:2      | 2362 ||| FLEEEEING.
  2363 | D:2      | 2363 ||| FLEEEEING.
  2364 | D:2      | 2364 ||| FLEEEEING.
  2365 | D:2      | 2365 ||| FLEEEEING.
  2366 | D:2      | 2366 ||| FLEEEEING.
  2367 | D:2      | 2367 ||| FLEEEEING.
  2368 | D:2      | 2368 ||| FLEEEEING.
  2369 | D:2      | 2369 ||| FLEEEEING.
  2370 | D:2      | 2370 ||| FLEEEEING.
  2371 | D:2      | 2371 ||| FLEEEEING.
  2372 | D:2      | 2372 ||| FLEEEEING.
  2373 | D:2      | 2373 ||| FLEEEEING.
  2374 | D:2      | 2374 ||| FLEEEEING.
  2375 | D:2      | 2375 ||| STAIRDANCE
  2409 | D:1      | 2409 ||| UPGRADING to +2 hat of the Raven {rC+++ Int+3
                  | Slay-3 SInv}.
  2414 | D:1      | 2414 ||| UPGRADING to +0 kite shield.
  2419 | D:1      | 2419 ||| UPGRADING to +0 chain mail.
  2429 | D:1      | 2429 ||| DROPPING +0 scale mail.
  2430 | D:1      | 2430 ||| READING 2 scrolls labelled XUGOUM CEFO.
  2431 | D:1      | 2431 ||| READING scroll labelled QAPSYG YNAUN.
  2627 | D:2      | 2627 ||| Stepping ~*~*~tactically~*~*~ (hiding).
  2823 | D:3      | Noticed Ijyb
  2824 | D:3      | 2824 ||| Stepping ~*~*~tactically~*~*~ (hiding).
  2838 | D:3      | Blown up by Ijyb

Levels and vault maps discovered:
D:1:      dpeg_arrival_erosion, layout_rooms, st_stairs_13
D:2:      layout_loops_ring, shapermc_ecumenical_altar_totnotflames,
          minmay_goblin_outpost
D:3:      layout_loops_ring, mainiacjoe_overflow_small_starburst,
          dk_noncrumbling_3, grunt_ministairs_12, minmay_misc_feat_room,
          dreamdust_princess_corridor, ebering_dispersal_statue_hall, uniq_ijyb,
          uniq_natasha, uniq_terence

Skill      XL: |  1  2  3 |
---------------+----------+-----
Axes           | 1 2 |  2.9
Fighting       | 1 2 |  2.0
Dodging        | |  1.7
Stealth        | |  2.1
Shields        | |  0.2
Spellcasting   | |  1.7
Summonings     | |  3.6

Action                   |  1- 3 |  4- 6 || total
-------------------------+-------+-------++-------
Melee: Club              |    33 |       ||    33
       Unarmed           |     1 |       ||     1
       Whip              |    19 |       ||    19
       War axe           |    30 |    82 ||   112
 Cast: Summon Small Mamm |    66 |       ||    66
  Use: Scroll            |     1 |     2 ||     3
       Potion            |     1 |       ||     1
Armor: Robe              |     8 |       ||     8
       Scale mail        |    21 |    29 ||    50
       Chain mail        |       |    11 ||    11
Dodge: Dodged            |    43 |    43 ||    86
Block: Kite shield       |       |     3 ||     3

Table legend:
 A = Non-vault XP
 B = Vault XP
 C = Vault XP percentage of total XP
 D = Non-vault monster count
 E = Vault monster count
 F = Vault count percentage of total count
                 A         B        C        D         E       F
            +---------+---------+-------+---------+---------+-------
      Total |     103 |      16 |  13.4 |      50 |       8 |  13.8
            +---------+---------+-------+---------+---------+-------
        D:1 |      51 |       4 |   7.3 |      32 |       1 |   3.0
        D:2 |      52 |       9 |  14.8 |      18 |       5 |  21.7
        D:3 |       0 |       3 | 100.0 |       0 |       2 | 100.0
            +---------+---------+-------+---------+---------+-------
